 Dungeon Crawl Stone Soup version 0.17-a0-1880-gacf7e67 (webtiles) character file.

140 mcbry74 the Skirmisher (level 5, -3/47 HPs)
             Began as a Hill Orc Abyssal Knight on Sept 21, 2015.
             Was a Believer of Lugonu.
             Slain by an ogre
             ... wielding a +0 giant spiked club
              (4 damage)
             ... on level 4 of the Dungeon.
             The game lasted 00:21:50 (3266 turns).

mcbry74 the Skirmisher (Hill Orc Abyssal Knight)    Turns: 3266, Time: 00:21:50

Health: -3/47      AC: 10    Str: 16    XL:     5   Next: 23%
Magic:  7/7        EV:  7    Int: 12    God:    Lugonu [**....]
Gold:   105        SH:  0    Dex: 10    Spells: 0 memorised, 4 levels left

rFire  . . .     SeeInvis .     a - +1 hand axe
rCold  . . .     Clarity  .     l - +0 chain mail
rNeg   . . .     SustAt   .     (no shield)
rPois  .         Gourm    .     o - +0 helmet
rElec  .         Spirit   .     (no cloak)
rCorr  .         Warding  .     (no gloves)
rMut   .         Rnd*Tele +     (no boots)
MR     .....                    (no amulet)
Stlth  ..........               (no ring)
                                g - ring of teleportation

@: not resistant to hostile enchantments, extremely unstealthy
A: no striking features
a: Depart the Abyss, Bend Space, Renounce Religion, Evoke Teleportation


You were on level 4 of the Dungeon.
You worshipped Lugonu.
Lugonu was pleased with you.
You were not hungry.

You visited 1 branch of the dungeon, and saw 4 of its levels.
You visited the Abyss 1 time.

You collected 105 gold pieces.

Inventory:

Hand weapons
 a - a +1 hand axe (weapon)
 p - a cursed -2 blowgun
Missiles
 j - 145 stones (quivered)
 q - 13 poisoned needles
Armour
 l - a +0 chain mail (worn)
 o - a +0 helmet (worn)
Jewellery
 g - a ring of teleportation (left hand)
Scrolls
 b - 2 scrolls of amnesia {unknown}
 d - 4 scrolls of identify
 f - a scroll of recharging {unknown}
 h - a scroll of remove curse
 r - a scroll of immolation {unknown}
Potions
 e - a potion of haste
 i - 2 potions of curing
 k - 2 potions of flight {unknown}
 n - a potion of mutation {unknown}
 s - a potion of might {unknown}
Comestibles
 c - 3 bread rations
 m - a slice of pizza


   Skills:
 + Level 4.7 Fighting
 + Level 3.4 Axes
 + Level 1.9 Throwing
 + Level 3.1 Armour
 + Level 1.5 Dodging
 + Level 0.3 Stealth
 + Level 2.8 Invocations


You had 4 spell levels left.
You didn't know any spells.

Dungeon Overview and Level Annotations

Branches:
Dungeon (4/15)
 Temple: D:4-7

Altars:
Dithmenos
Gozag
Qazlal
Trog
Vehumet
Yredelemnul
The Shining One

Annotations:
D:3 Grinder, Natasha


Message History

Ouch! That really hurt!
* * * LOW HITPOINT WARNING * * *
You hit the ogre.
The ogre is heavily wounded.
You closely miss the ogre.
The ogre is heavily wounded.
The ogre closely misses you.
You barely miss the ogre.
The ogre is heavily wounded.
The ogre barely misses you.
You barely miss the ogre.
The ogre is heavily wounded.
The ogre hits you with a giant spiked club.
* * * LOW HITPOINT WARNING * * *
You barely miss the ogre.
The ogre is heavily wounded.
You hit the ogre but do no damage.
The ogre is heavily wounded.
The ogre hits you with a giant spiked club.
You die...

#.....#
#.....#
#.....##.
#.......
#.....#
.######....#
.......O...+
#.....@...#
#.....(####
#......#
#......#
#......#
#......#
########


You could see an ogre.

Vanquished Creatures
  Natasha (D:3)
  A hound skeleton (D:4)
  5 adders
  2 oozes
  A worm (D:3)
  2 giant geckos
  A ball python (D:1)
  3 giant cockroaches
  7 hobgoblins
  3 jackals (D:1)
  7 bats
  4 giant newts
  3 goblins
  A jackal skeleton (D:4)
  8 kobolds
  6 rats
55 creatures vanquished.

Notes
Turn   | Place    | Note
--------------------------------------------------------------
     0 | Abyss:1  | mcbry74 the Hill Orc Abyssal Knight began the quest for the Orb.
     0 | Abyss:1  | Reached XP level 1. HP: 19/19 MP: 2/2
    26 | Abyss:1  | Found a corrupted altar of Lugonu.
   146 | Abyss:1  | Noticed a spatial vortex
   149 | Abyss:1  | Noticed a spatial vortex
   150 | Abyss:1  | Noticed a spatial vortex
   155 | Abyss:1  | Noticed a spatial vortex
   156 | Abyss:1  | Noticed an ancient zyme
   160 | Abyss:1  | Noticed a small abomination
   162 | D:1      | Escaped the Abyss
   444 | D:1      | Reached XP level 2. HP: 24/27 MP: 4/4
   525 | D:1      | Reached skill level 4 in Fighting
   591 | D:1      | Acquired Lugonu's first power
   734 | D:1      | Reached skill level 1 in Dodging
  1069 | D:1      | Reached XP level 3. HP: 29/34 MP: 5/5
  1622 | D:2      | Found a faded altar to an unknown god.
  1627 | D:2      | Reached skill level 1 in Throwing
  1627 | D:2      | Reached XP level 4. HP: 41/41 MP: 6/6
  1666 | D:2      | Found a shadowy altar of Dithmenos.
  1849 | D:2      | Found a radiant altar of Vehumet.
  1967 | D:3      | Acquired Lugonu's second power
  2475 | D:3      | Noticed Natasha
  2490 | D:3      | Killed Natasha
  2567 | D:3      | Reached XP level 5. HP: 45/47 MP: 7/7
  2741 | D:3      | Found a glowing golden altar of the Shining One.
  2741 | D:3      | Found a stormy altar of Qazlal.
  2741 | D:3      | Found an opulent altar of Gozag.
  2741 | D:3      | Found a basalt altar of Yredelemnul.
  2741 | D:3      | Found a bloodstained altar of Trog.
  2741 | D:3      | Noticed Grinder
  2744 | D:3      | Paralysed by Grinder for 4 turns
  3056 | D:3      | Noticed Natasha
  3254 | D:4      | Noticed an ogre
  3264 | D:4      | HP: 1/47 [ogre/giant spiked club (4)]
  3266 | D:4      | Slain by an ogre

Vault maps used:
D:1:      dpeg_arrival_refuge, serial_bayou_lake_a
D:2:      grunt_dithmenos_smoke, fiery_altar_vehumet, ecumenical_altar_1
D:3:      nicolae_overflow_hidden_temple, first_bread,
          cheibrodos_ashenzari_chains, uniq_grinder, uniq_natasha
D:4:      minmay_temple_entry_trees, uniq_menkaure

Action                   |  1- 3 |  4- 6 || total
-------------------------+-------+-------++-------
Melee: Hand axe          |    95 |   101 ||   196
Throw: Stone             |    30 |    56 ||    86
Invok: Depart the Abyss  |     1 |       ||     1
  Use: Scroll            |     3 |       ||     3
       Potion            |       |     1 ||     1
  Eat: Chunk             |     2 |     5 ||     7
       Bread ration      |       |     1 ||     1
